 Dungeon Crawl Stone Soup version 0.29-a0-857-g9b1aa3ac5b (webtiles) character file.

Game seed: 1419782443744938728

4291 Randomanon8888 the Cleaver (level 10, -2/86 HPs)
             Began as a Hill Orc Fighter on July 16, 2022.
             Was a Follower of Yredelemnul.
             Slain by a vault guard
             ... wielding a +0 broad axe
              (20 damage)
             ... in a bailey.
             The game lasted 00:30:56 (7507 turns).

Randomanon8888 the Cleaver (Hill Orc Fighter)       Turns: 7507, Time: 00:30:57

Health: -2/86      AC: 10    Str: 26    XL:     10   Next: 32%
Magic:  11/11      EV: 15    Int: 15    God:    Yredelemnul [*.....]
Gold:   370        SH:  6    Dex: 17    Spells: 3/9 levels left

rFire   . . .      SeeInvis .   q - +9 broad axe of the Breathing Gods {freeze, Fly Str+5 Int+3}
rCold   . . .      Faith    .   c - +0 buckler
rNeg    . . .      Spirit   .   b - +0 scale mail
rPois   .          Reflect  .   (no helmet)
rElec   .          Harm     .   (no cloak)
rCorr   .          Rampage  .   e - +0 pair of gloves
Will    .....                   j - +0 pair of boots
Stlth   ++........              (no amulet)
HPRegen 0.24/turn               i - +4 ring of evasion
MPRegen 0.12/turn               p - +6 ring of dexterity

@: flying
A: camouflage 1, clever 1
a: Renounce Religion, Recall Undead Harvest


You were in a bailey.
You worshipped Yredelemnul.
Yredelemnul was noncommittal.
You visited 1 branch of the dungeon, and saw 7 of its levels.
You also visited: Bailey.

You collected 370 gold pieces.

Inventory:

Hand Weapons
 a - a +0 war axe
 h - a +0 club
 q - the +9 broad axe of the Breathing Gods (weapon) {freeze, Fly Str+5 Int+3}
   (You acquired it on level 4 of the Dungeon)

   It freezes those it strikes, dealing additional cold damage.
   It can also slow down cold-blooded creatures.
   Str:       It affects your strength (+5).
   Int:       It affects your intelligence (+3).
   Fly:       It grants you flight.
Missiles
 f - 12 poisoned darts (quivered)
 g - 69 stones
Armour
 b - a +0 scale mail (worn)
 c - a +0 buckler (worn)
 e - a +0 pair of gloves (worn)
 j - a +0 pair of boots (worn)
Jewellery
 i - a +4 ring of evasion (left hand)
 p - a +6 ring of dexterity (right hand)
 v - a ring of see invisible
Wands
 u - a wand of light (2)
 x - a wand of paralysis (2)
Scrolls
 k - a scroll of immolation
 l - 2 scrolls of identify
 o - 2 scrolls of teleportation
 t - a scroll of fear
 w - a scroll of enchant weapon
Potions
 d - a potion of might
 m - a potion of invisibility
 r - 2 potions of magic
 s - 2 potions of brilliance


   Skills:
 + Level 7.0 Fighting
 + Level 13.3 Axes
 + Level 1.2 Throwing
 + Level 7.7 Armour
 + Level 2.6 Dodging
 + Level 1.4 Stealth
 + Level 5.3 Shields
 + Level 1.7 Invocations
 + Level 3.0 Evocations


You had 3 spell levels left.
You knew the following spells:

 Your Spells              Type           Power      Damage    Failure   Level
a - Sting                 Tmut/Pois      0%         1d3       58%         1
b - Poisonous Vapours     Pois/Air       0%         N/A       73%         2
c - Stone Arrow           Conj/Erth      0%         3d7       91%         3

Your spell library contained the following spells:

 Spells                   Type           Power      Damage    Failure   Level
 Animate Armour           Summ/Erth      0%         N/A       100%        4
 Olgreb's Toxic Radiance  Pois           0%         N/A       100%        4
 Lehudib's Crystal Spear  Conj/Erth      0%         10d2      100%        8


Dungeon Overview and Level Annotations

Branches:
Dungeon (7/15)             Bailey (1/1)
 Temple: D:4-7

Altars:
Cheibriados
Nemelex Xobeh
Qazlal
Yredelemnul


Innate Abilities, Weirdness & Mutations

Your skin changes colour to match your surroundings (Stealth+).
Your mind is acute. (Int +4, Str/Dex -1)


Message History

You slash the vault guard! You freeze the vault guard.
The vault guard is moderately wounded.
Your bullfrog zombie closely misses the human.
The blink frog hits you!
The blink frog blinks!
Your bullfrog zombie barely misses the human.
The human hits you with a +0 vorpal hand axe!
* * * LOW HITPOINT WARNING * * *
The human hits your bullfrog zombie with a +0 vorpal hand axe!
Your bullfrog zombie is destroyed!
The vault guard completely misses you.
There is an open door, spattered with blood here.
You feel better.
The blink frog is no longer moving slowly.
You block the human's attack.
The vault guard hits you with a +0 broad axe!
* * * LOW HITPOINT WARNING * * *
You slash the human! You freeze the human.
The human is severely wounded.
You hit the vault guard. You freeze the vault guard.
You block the human's attack. The vault guard completely misses you.
You slash the human! You freeze the human.
You kill the human!
You barely miss the vault guard. You slash the blink frog!
You freeze the blink frog.
You kill the blink frog!
The dead are hopping!
The dead are walking!
The vault guard closely misses you.
Your Fighting skill increases to level 7!
You feel better. The vault guard completely misses you.
You hit the vault guard. You freeze the vault guard.
The vault guard is moderately wounded.
The vault guard hits you with a +0 broad axe.
You slice the vault guard!! You freeze the vault guard!
The vault guard is almost dead.
The vault guard hits you with a +0 broad axe!
* * * LOW HITPOINT WARNING * * *
You hit the vault guard but do no damage.
The vault guard is almost dead.
The vault guard hits you with a +0 broad axe!!
You die...
Your body rises from the dead as a mindless zombie.

#..∩..+ #######
#.....###### ###≈≈≈≈≈###
#..∩..').).#+##≈≈≈≈≈≈≈≈≈#
##...##.))...#≈≈≈≈≈≈≈≈≈≈≈
#####.......##≈≈≈≈≈≈≈≈≈≈
#..Z#######≈≈...≈≈..≈
#..##..#≈≈≈≈..≈...≈.#
#..Z#..#....)...(...#
#..Z#.p@Z.≈≈≈≈......'
##.....#Z≈≈≈≈≈≈≈..≈.#
##....#≈≈####≈≈≈...#
######### ##≈≈..≈ #≈.≈≈
≈.≈


You could see a vault guard (ally target), a friendly blink frog zombie and a
friendly human zombie.

Vanquished Creatures
  A two-headed ogre (D:6)
  A blink frog (Bailey)
  4 yaks (D:6)
  Sigmund (D:5)
  2 humans (Bailey)
  Menkaure (D:7)
  An orc warrior (Bailey)
  2 black bears
  2 ogres
  A centaur (D:7)
  A phantom (D:6)
  4 bullfrogs (Bailey)
  4 necrophages
  2 scorpions (D:5)
  A wight (D:6)
  4 killer bees (D:7)
  2 howler monkeys (D:6)
  7 hounds
  Crazy Yiuf (D:5)
  5 orc priests (D:6)
  An iguana (D:5)
  Terence (D:3)
  3 orc wizards
  A hound zombie (D:6)
  11 adders
  4 gnolls
  2 white imps
  3 worms
  3 dart slugs
  10 orcs
  6 bats
  5 endoplasms
  2 giant cockroaches
  4 goblins
  13 hobgoblins
  5 jackals
  4 ball pythons
  4 frilled lizards
  7 kobolds
  5 rats
  A bush (D:1)
142 creatures vanquished.

Vanquished Creatures (collateral kills)
  2 jellies
  An adder (D:6)
  2 orcs (D:3)
  A ball python (D:4)
  4 goblins (D:7)
  4 rats (D:3)
14 creatures vanquished.

Vanquished Creatures (others)
  3 bullfrog zombies (Bailey)
  A human zombie (Bailey)
  A black bear zombie (D:6)
  2 hound zombies (D:6)
  A howler monkey zombie (D:6)
  A jelly zombie (D:4)
  A spectral white imp (D:6)
  4 adder zombies
  A bat zombie (D:3)
  A gnoll zombie (Bailey)
  An endoplasm zombie (D:4)
  3 goblin zombies
  2 hobgoblin zombies (D:4)
  A kobold zombie (D:4)
  8 orc zombies
  A rat zombie (D:3)
  A plant (D:1)
33 creatures vanquished.

Grand Total: 189 creatures vanquished

Notes
Turn   | Place    | Note
-------+----------+-------------------------------------------
     0 | D:1      | Randomanon8888 the Hill Orc Fighter began the quest for the
                  | Orb.
     0 | D:1      | Reached XP level 1. HP: 19/19 MP: 1/1
   190 | D:1      | Reached XP level 2. HP: 27/27 MP: 2/2
  1026 | D:2      | Reached skill level 3 in Axes
  1026 | D:2      | Reached XP level 3. HP: 31/33 MP: 3/3
  1239 | D:2      | Identified the +10 short sword of the Lame Duck {vorpal,
                  | rPois}
  1475 | D:2      | Reached XP level 4. HP: 38/40 MP: 4/4
  1646 | D:2      | Learned a level 1 spell: Sting
  1649 | D:2      | Learned a level 2 spell: Poisonous Vapours
  2261 | D:3      | Found a stormy altar of Qazlal.
  2262 | D:3      | Found a basalt altar of Yredelemnul.
  2264 | D:3      | Found a snail-covered altar of Cheibriados.
  2274 | D:3      | Became a worshipper of Yredelemnul the Dark
  2355 | D:3      | Reached skill level 1 in Dodging
  2700 | D:3      | Reached skill level 4 in Axes
  2778 | D:3      | Noticed Terence
  2784 | D:3      | Killed Terence
  2785 | D:3      | Reached XP level 5. HP: 46/46 MP: 5/5
  2856 | D:3      | Reached * piety under Yredelemnul
  3137 | D:3      | Reached skill level 1 in Invocations
  3267 | D:3      | Reached ** piety under Yredelemnul
  3506 | D:4      | Noticed a black bear
  3524 | D:3      | Reached skill level 5 in Axes
  3530 | D:3      | Killed a black bear
  3531 | D:3      | Reached skill level 1 in Evocations
  3531 | D:3      | Reached XP level 6. HP: 44/53 MP: 6/6
  3962 | D:4      | Identified a scroll of acquirement
  3963 | D:4      | Acquired the +9 broad axe of the Breathing Gods {freeze,
                  | Fly Str+5 Int+3}
  3999 | D:4      | Reached skill level 6 in Axes
  4257 | D:5      | Entered Level 5 of the Dungeon
  4290 | D:5      | Reached XP level 7. HP: 60/60 MP: 8/8
  4347 | D:5      | Noticed Sigmund
  4355 | D:5      | Killed Sigmund
  4356 | D:5      | Reached skill level 7 in Axes
  4590 | D:5      | Found a sparkling altar of Nemelex Xobeh.
  4598 | D:5      | Reached skill level 8 in Axes
  4657 | D:5      | Reached skill level 5 in Fighting
  4657 | D:5      | Reached skill level 5 in Armour
  4657 | D:5      | Reached XP level 8. HP: 68/68 MP: 9/9
  4676 | D:5      | Learned a level 3 spell: Stone Arrow
  4747 | D:5      | Found a runed translucent door.
  4748 | D:5      | Noticed Crazy Yiuf
  4755 | D:5      | Killed Crazy Yiuf
  5421 | D:6      | Reached skill level 9 in Axes
  5714 | D:6      | Reached skill level 10 in Axes
  5726 | D:6      | Noticed a two-headed ogre
  5744 | D:6      | Killed a two-headed ogre
  5745 | D:6      | Reached skill level 11 in Axes
  5745 | D:6      | Reached XP level 9. HP: 51/75 MP: 10/10
  5962 | D:6      | Reached skill level 1 in Stealth
  6058 | D:6      | Reached skill level 12 in Axes
  6059 | D:6      | Reached skill level 5 in Shields
  6935 | D:7      | Noticed Menkaure
  6945 | D:7      | Killed Menkaure
  7142 | D:7      | Gained mutation: Your skin changes colour to match your
                  | surroundings (Stealth+). [potion of mutation]
  7142 | D:7      | Gained mutation: Your mind is acute. (Int +4, Str/Dex -1)
                  | [potion of mutation]
  7299 | D:7      | Reached XP level 10. HP: 84/84 MP: 11/11
  7305 | D:7      | Reached skill level 1 in Throwing
  7419 | D:7      | Found a flagged portal.
  7432 | Bailey   | Entered a bailey
  7446 | Bailey   | Reached skill level 13 in Axes
  7481 | Bailey   | Noticed a vault guard
  7507 | Bailey   | Slain by a vault guard

Illustrated notes

Levels and vault maps discovered:
D:1:      shiori_shiawase, layout_rooms, serial_forest, infiniplex_forest_end_2,
          infiniplex_forest_lined_2, infiniplex_forest_end_1,
          infiniplex_forest_lined_4_way, infiniplex_forest_lined_2,
          infiniplex_forest_lined_4_way, due_unseen_surprise
D:2:      layout_loops_ring
D:3:      layout_loops_corners, chequers_temple_overflow_statue_of_worship,
          uniq_terence
D:4:      layout_loops_ring
D:5:      layout_loops_corners, nemelex_xobeh_ov_fountains_minmay,
          uniq_crazy_yiuf_cottage, uniq_sigmund
D:6:      layout_gridville, nzn_random_ring
D:7:      layout_basic, minmay_temple_entry_fiery, enter_bailey_3,
          uniq_prince_ribbit1, uniq_menkaure
Bailey:   bailey_axe_froggy_fort_hellmonk, bailey

Skill      XL: |  1  2  3  4  5  6  7  8  9 10 |
---------------+-------------------------------+-----
Fighting       | 4 5 6 7 |  7.0
Axes           | 3 4 5 6 8 11 12 13 | 13.3
Armour         | 4 5 6 7 |  7.7
Dodging        | 1 2 |  2.6
Invocations    | 1 |  1.7
Shields        | 4 5 |  5.3
Evocations     | 1 2 3 |  3.0
Stealth        | 1 |  1.4
Throwing       | 1 |  1.2

Action                   |  1- 3 |  4- 6 |  7- 9 | 10-12 || total
-------------------------+-------+-------+-------+-------++-------
Melee: War axe           |   213 |   108 |       |       ||   321
       Broad axe         |       |    13 |   100 |    31 ||   144
Throw: Stone             |     1 |       |       |       ||     1
       Dart              |       |       |     6 |     1 ||     7
Invok: Recall Undead Har |       |     6 |     1 |       ||     7
       Dark Bargain      |       |     1 |       |       ||     1
Evoke: Wand              |       |    11 |    11 |       ||    22
  Use: Scroll            |     3 |     6 |     4 |       ||    13
       Potion            |     4 |     2 |     1 |     2 ||     9
 Stab: Distracted        |       |       |     1 |       ||     1
Armor: Scale mail        |    47 |    55 |    13 |     5 ||   120
Dodge: Dodged            |    81 |   115 |    58 |    18 ||   272
Block: Buckler           |    32 |    35 |    21 |     5 ||    93

Table legend: (Time is in decaauts)
 A = Elapsed time spent in this place.
 B = Non-inter-level travel time spent in this place.
 C = Inter-level travel time spent in this place.
 D = Time resting spent in this place.
 E = Time spent auto-exploring this place.
 F = Levels seen in this place.
 G = Mean time per level.
                   A        B        C        D        E       F      G
               +--------+--------+--------+--------+--------+-----+--------+
         Total |   7658 |   6530 |   1128 |    767 |   4359 |   8 |  957.2 |
       Dungeon |   7583 |   6455 |   1128 |    767 |   4332 |   7 | 1083.3 |
        Bailey |     74 |     74 |      0 |      0 |     27 |   1 |   74.0 |
               +--------+--------+--------+--------+--------+-----+--------+

Top non-repeatable levels by time:
     D:6: 1511 daAuts
     D:3: 1351 daAuts
     D:2: 1172 daAuts
     D:1: 1133 daAuts
     D:5: 1091 daAuts
     D:4: 735 daAuts
     D:7: 587 daAuts
  Bailey: 74 daAuts
